 Dungeon Crawl Stone Soup version 0.28-a0-863-g8cecda6153 (webtiles) character file.

Game seed: 11611787444175589408

1 tronx7 the Ducker (level 1, -1/16 HPs)
             Began as a Merfolk Gladiator on Nov 20, 2021.
             Frozen to death by an endoplasm (3 damage)
             ... on level 1 of the Dungeon.
             The game lasted 00:00:28 (89 turns).

tronx7 the Ducker (Merfolk Gladiator)                 Turns: 89, Time: 00:00:29

Health: -1/16      AC:  4    Str: 14    XL:     1   Next: 20%
Magic:  1/1        EV: 13    Int:  7    God:
Gold:   0          SH:  0    Dex: 15    Spells: 0/0 levels left

rFire   . . .      SeeInvis .     - Unarmed
rCold   . . .      Faith    .   (no shield)
rNeg    . . .      Spirit   .   a - +0 leather armour
rPois   .          Reflect  .   b - +0 helmet
rElec   .          Harm     .   (no cloak)
rCorr   .          Rampage  .   (no gloves)
Will    .....                   (no boots)
Stlth   +.........              (no amulet)
HPRegen 0.05/turn               (no ring)
MPRegen 0.07/turn               (no ring)

@: no status effects
A: (nimble swimmer 2), mertail
a: no special abilities


You were on level 1 of the Dungeon.
You visited 1 branch of the dungeon, and saw 1 of its levels.

Inventory:

Missiles
 c - 3 throwing nets (quivered)
Armour
 a - a +0 leather armour (worn)
 b - a +0 helmet (worn)
Scrolls
 d - a scroll of identify {unknown}


   Skills:
 + Level 2.1 Fighting
 + Level 2.0 Throwing
 + Level 4.0 Dodging
 + Level 3.4 Unarmed Combat


You couldn't memorise any spells.
You didn't know any spells.
Your spell library contained the following spells:

 Spells                   Type           Power      Damage    Failure   Level
 Ensorcelled Hibernation  Hex/Ice        0%         N/A       65%         2
 Spider Form              Tmut/Pois      0%         N/A       87%         3


Dungeon Overview and Level Annotations

Branches:
Dungeon (1/15)

Altars:


Innate Abilities, Weirdness & Mutations

((You are quick and stealthy near water. (Stealth+, EV+, Speed+++)))
Your lower body shifts to a powerful aquatic tail in water.


Message History

The endoplasm barely misses you. The endoplasm freezes you.
You are frozen.
You see here a book of Dreams.
You pick up a book of Dreams and begin reading...
You add the spells Ensorcelled Hibernation and Spider Form to your library.
The endoplasm freezes you.
You are frozen.
The endoplasm barely misses you. The endoplasm completely misses you.
The endoplasm hits you. The endoplasm freezes you.
You are frozen.
You see here 20 stones.
The endoplasm misses you. The endoplasm barely misses you.
The endoplasm hits you.
* * * LOW HITPOINT WARNING * * *
The endoplasm misses you.
A ball python comes into view.
The ball python hisses angrily.
The ball python barely misses you. x2
You hit the ball python.
You kill the ball python!
The endoplasm freezes you.
You are frozen.
* * * LOW HITPOINT WARNING * * *
You see here a ball python corpse.
The endoplasm closely misses you. The endoplasm freezes you.
You are frozen.
* * * LOW HITPOINT WARNING * * *
Found 17 sling bullets.
The endoplasm hits you.
* * * LOW HITPOINT WARNING * * *
The endoplasm jiggles.
You see here 17 sling bullets.
The endoplasm hits you but does no damage.
The endoplasm freezes you.
You are frozen.
You die...

#.#####.# #.#
#.# #.##
#.#####.### #..#
..........# ##.#
#.#####.#.#
#†### #.#
#.#.####.... #.#
#.#......###
#.#####(######.#
#@J.....# #.#
######### #.#
#.# ##
########.## .
..........#
.##.#######.#.#
.... #####...#
+#≈≈##.......#
.#....#.....###


You could see an endoplasm.

Vanquished Creatures
  A ball python (D:1)
1 creature vanquished.

Notes
Turn   | Place    | Note
-------+----------+-------------------------------------------
     0 | D:1      | tronx7 the Merfolk Gladiator began the quest for the Orb.
     0 | D:1      | Reached XP level 1. HP: 16/16 MP: 1/1
    89 | D:1      | Frozen to death by an endoplasm

Illustrated notes

Levels and vault maps discovered:
D:1:      dpeg_arrival_rooms_with_view, layout_loops_ring

Action                   || total
-------------------------++-------
Melee: Unarmed           ||     1
Armor: Leather armour    ||     1
Dodge: Dodged            ||     9

Table legend: (Time is in decaauts)
 A = Elapsed time spent in this place.
 B = Non-inter-level travel time spent in this place.
 C = Inter-level travel time spent in this place.
 D = Time resting spent in this place.
 E = Time spent auto-exploring this place.
 F = Levels seen in this place.
 G = Mean time per level.
                   A        B        C        D        E       F      G
               +--------+--------+--------+--------+--------+-----+--------+
         Total |     88 |     88 |      0 |      0 |      3 |   1 |   88.0 |
       Dungeon |     88 |     88 |      0 |      0 |      3 |   1 |   88.0 |
               +--------+--------+--------+--------+--------+-----+--------+

Top non-repeatable levels by time:
     D:1: 88 daAuts
